 Dungeon Crawl Stone Soup version 0.31-a0-174-g85c54bcb58 (webtiles) character file.

Game seed: 2510407880548755510

506 qw the Shooter (level 7, -4/66 HPs)
             Began as a Naga Hunter on June 15, 2023.
             Was an Initiate of Okawaru.
             Slain by an ice beast (13 damage)
             ... on level 5 of the Dungeon.
             The game lasted 00:01:20 (4293 turns).

qw the Shooter (Naga Hunter)                        Turns: 4293, Time: 00:01:21

Health: -4/66      AC:  5    Str: 13    XL:     7   Next: 18%
Magic:  7/7        EV:  9    Int:  9    God:    Okawaru [......]
Gold:   324        SH:  0    Dex: 17    Spells: 6/6 levels left

rFire   . . .        Y - +0 shortbow
rCold   . . .        (shield currently unavailable)
rNeg    . . .        c - +0 leather armour
rPois   +            d - +0 helmet
rElec   .            (no cloak)
rCorr   .            i - +0 pair of gloves
SInv    +            (no barding)
Will    .....        (no amulet)
Stlth   ++           (no ring)
HPRegen 0.31/turn    (no ring)
MPRegen 0.10/turn

%: no passive effects
@: very slow
A: AC +2, large, see invisible, deformed body, poison resistance, slowness 2,
spit poison 1, naga tail 1
a: Spit Poison, Renounce Religion


You were on level 5 of the Dungeon.
You worshipped Okawaru.
Okawaru was noncommittal.
You visited 2 branches of the dungeon, and saw 6 of its levels.

You collected 324 gold pieces.


Innate Abilities, Weirdness & Mutations

Your serpentine skin is tough. (AC +2)
You have supernaturally acute eyesight. (SInv)
Armour fits poorly on your strangely shaped body.
Your system is resistant to poisons. (rPois)
You cover ground very slowly.
You can spit poison.
You have a snake-like lower body.


   Skills:
 - Level 4.6 Fighting
 - Level 6.5 Ranged Weapons
 + Level 1.6 Dodging
 - Level 1.5 Stealth


You had 6 spell levels left.
You didn't know any spells.
Your spell library was empty.

Inventory:

Hand Weapons
 Y - a +0 shortbow (weapon)
Armour
 c - a +0 leather armour (worn)
 d - a +0 helmet (worn)
 i - a +0 pair of gloves (worn)
Scrolls
 a - a scroll of identify
 g - 2 scrolls of teleportation
 k - a scroll of silence {unknown}
Potions
 b - 2 potions of heal wounds
 e - a potion of curing
 f - a potion of might
 h - a potion of mutation {unknown}
 j - a potion of lignification {unknown}

Dungeon Overview and Level Annotations

Branches:
Dungeon (5/15)             Temple (1/1) D:4

Altars:
Ashenzari
Dithmenos
Elyvilon
Fedhas
Hepliaklqana
Kikubaaqudgha
Makhleb
Nemelex Xobeh
Okawaru
Qazlal
Ru
Trog
Vehumet
Wu Jian
Yredelemnul
Zin
The Shining One

Annotations:
D:3 1 runed translucent door, qw's ghost, amateur GrFi
D:4 3 runed translucent doors, qw's ghost, amateur NaHu
D:5 Grinder


Message History

You shoot an arrow.
The arrow hits the ice beast but does no damage.
The ice beast is lightly wounded.
The ice beast hits you. The ice beast freezes you!
You shoot an arrow. The arrow hits the ice beast.
The ice beast is lightly wounded.
The ice beast barely misses you.
You shoot an arrow.
The arrow hits the ice beast but does no damage.
The ice beast is lightly wounded.
The ice beast hits you. The ice beast freezes you!
You shoot an arrow. The arrow hits the ice beast.
The ice beast is moderately wounded.
The ice beast barely misses you. x2
You shoot an arrow. The arrow closely misses the ice beast.
The ice beast barely misses you.
You shoot an arrow. The arrow barely misses the ice beast.
The ice beast barely misses you.
You shoot an arrow. The arrow hits the ice beast!
The ice beast is severely wounded.
The ice beast hits you but does no damage.
You shoot an arrow. The arrow closely misses the ice beast.
The ice beast hits you. The ice beast freezes you!
You shoot an arrow. The arrow closely misses the ice beast.
The ice beast closely misses you.
You shoot an arrow. The arrow closely misses the ice beast.
The ice beast hits you but does no damage.
You shoot an arrow.
The arrow hits the ice beast but does no damage.
The ice beast is severely wounded.
The ice beast barely misses you.
You shoot an arrow.
The arrow hits the ice beast but does no damage.
The ice beast is severely wounded.
The ice beast hits you but does no damage.
You shoot an arrow. The arrow hits the ice beast.
The ice beast is severely wounded.
The ice beast hits you. The ice beast freezes you! The ice beast hits you.
The ice beast freezes you!
You die...

# ## .. >#
#. ..
#.###.
#.#..
#..Y###
#..@..#
#.....#
#####...)#
#........#
##.##.....#
#......<..#
#..%####..#
#.........#
#.......#.#


You could see an ice beast.

Vanquished Creatures
  Menkaure (D:4)
  A black bear (D:5)
  A howler monkey (D:4)
  An orc wizard (D:4)
  2 iguanas
  4 gnolls (D:5)
  6 adders
  An ufetubus (D:5)
  4 dart slugs
  9 orcs
  An endoplasm (D:3)
  4 giant cockroaches
  5 goblins
  4 hobgoblins
  4 jackals (D:1)
  4 quokkas
  7 ball pythons
  9 bats
  3 frilled lizards
  6 kobolds
  8 rats
85 creatures vanquished.

Notes
Turn   | Place    | Note
-------+----------+-------------------------------------------
     0 | D:1      | qw the Naga Hunter began the quest for the Orb.
     0 | D:1      | Reached XP level 1. HP: 19/19 MP: 1/1
     0 | D:1      | 0 ||| qw: Version: 0.2-a-29-g511e9b1
     0 | D:1      | 0 ||| qw: Game counter: 5177
     0 | D:1      | 0 ||| qw: Always use a shield: true
     0 | D:1      | 0 ||| qw: God list: Okawaru
     0 | D:1      | 0 ||| qw: Allow faded altars: false
     0 | D:1      | 0 ||| qw: Do Orc after D:15 true
     0 | D:1      | 0 ||| qw: Do second Lair branch before Depths: true
     0 | D:1      | 0 ||| qw: Lair rune preference: random
     0 | D:1      | 0 ||| qw: Plans: Normal
     0 | D:1      | 0 ||| PLANNING D:1-11
     5 | D:1      | 5 ||| INVOKING Spit Poison.
     9 | D:1      | 9 ||| INVOKING Spit Poison.
    30 | D:1      | 30 ||| INVOKING Spit Poison.
    99 | D:1      | 99 ||| INVOKING Spit Poison.
   100 | D:1      | Reached skill level 4 in Ranged Weapons
   100 | D:1      | Reached XP level 2. HP: 26/26 MP: 2/2
   185 | D:1      | 185 ||| INVOKING Spit Poison.
   204 | D:1      | 204 ||| INVOKING Spit Poison.
   210 | D:1      | 210 ||| INVOKING Spit Poison.
   217 | D:1      | 217 ||| INVOKING Spit Poison.
   222 | D:1      | 222 ||| INVOKING Spit Poison.
   323 | D:1      | 323 ||| INVOKING Spit Poison.
   329 | D:1      | 329 ||| INVOKING Spit Poison.
   348 | D:1      | Found a faded altar of an unknown god.
   369 | D:1      | 369 ||| INVOKING Spit Poison.
   371 | D:1      | 371 ||| FLEEEEING.
   376 | D:1      | 376 ||| INVOKING Spit Poison.
   431 | D:1      | 431 ||| INVOKING Spit Poison.
   432 | D:1      | Reached XP level 3. HP: 32/32 MP: 3/3
   437 | D:1      | 437 ||| INVOKING Spit Poison.
   451 | D:1      | 451 ||| INVOKING Spit Poison.
   480 | D:1      | 480 ||| INVOKING Spit Poison.
   605 | D:1      | 605 ||| INVOKING Spit Poison.
   687 | D:1      | 687 ||| INVOKING Spit Poison.
   810 | D:1      | 810 ||| READING scroll labelled QUWYSCH XINNO.
   813 | D:1      | 813 ||| READING scroll labelled ITAIDA WI ZONO.
   814 | D:1      | 814 ||| DRINKING 2 yellow potions.
   815 | D:1      | 815 ||| DROPPING scroll of butterflies.
   870 | D:2      | 870 ||| INVOKING Spit Poison.
   933 | D:2      | 933 ||| INVOKING Spit Poison.
   956 | D:2      | 956 ||| INVOKING Spit Poison.
   985 | D:2      | 985 ||| INVOKING Spit Poison.
  1007 | D:2      | 1007 ||| INVOKING Spit Poison.
  1030 | D:2      | 1030 ||| INVOKING Spit Poison.
  1122 | D:2      | 1122 ||| INVOKING Spit Poison.
  1178 | D:2      | 1178 ||| INVOKING Spit Poison.
  1205 | D:2      | 1205 ||| INVOKING Spit Poison.
  1219 | D:2      | 1219 ||| INVOKING Spit Poison.
  1283 | D:2      | 1283 ||| INVOKING Spit Poison.
  1323 | D:2      | 1323 ||| INVOKING Spit Poison.
  1438 | D:2      | 1438 ||| READING 2 scrolls labelled YSI CAICWEDWEQ.
  1470 | D:3      | 1470 ||| INVOKING Spit Poison.
  1493 | D:3      | 1493 ||| INVOKING Spit Poison.
  1499 | D:3      | 1499 ||| INVOKING Spit Poison.
  1503 | D:3      | Reached skill level 5 in Ranged Weapons
  1503 | D:3      | Reached XP level 4. HP: 27/39 MP: 4/4
  1560 | D:3      | 1560 ||| INVOKING Spit Poison.
  1563 | D:3      | 1563 ||| INVOKING Spit Poison.
  1575 | D:3      | 1575 ||| INVOKING Spit Poison.
  1586 | D:3      | 1586 ||| INVOKING Spit Poison.
  1590 | D:3      | 1590 ||| INVOKING Spit Poison.
  1591 | D:3      | 1591 ||| INVOKING Spit Poison.
  1611 | D:3      | 1611 ||| INVOKING Spit Poison.
  1614 | D:3      | 1614 ||| INVOKING Spit Poison.
  1620 | D:3      | 1620 ||| INVOKING Spit Poison.
  1640 | D:3      | 1640 ||| INVOKING Spit Poison.
  1658 | D:3      | 1658 ||| INVOKING Spit Poison.
  1772 | D:3      | 1772 ||| INVOKING Spit Poison.
  1773 | D:3      | Found a bloodstained altar of Trog.
  1778 | D:3      | Found a burning altar of Makhleb.
  1787 | D:3      | Found a blossoming altar of Fedhas.
  1787 | D:3      | Found a sparkling altar of Nemelex Xobeh.
  1795 | D:3      | Found a glowing golden altar of the Shining One.
  1874 | D:3      | 1874 ||| INVOKING Spit Poison.
  1889 | D:3      | 1889 ||| INVOKING Spit Poison.
  1980 | D:3      | 1980 ||| INVOKING Spit Poison.
  1983 | D:3      | 1983 ||| INVOKING Spit Poison.
  2074 | D:3      | 2074 ||| INVOKING Spit Poison.
  2076 | D:3      | Reached skill level 3 in Fighting
  2112 | D:3      | Found a runed translucent door.
  2114 | D:3      | Noticed qw's ghost (amateur GrFi)
  2217 | D:3      | 2217 ||| UPGRADING to +0 pair of gloves.
  2222 | D:3      | 2222 ||| READING scroll labelled MYLUC LANI.
  2223 | D:3      | 2223 ||| DRINKING 2 glowing green potions.
  2224 | D:3      | 2224 ||| READING 3 scrolls of identify.
  2224 | D:3      | 2224 ||| IDENTIFYING fizzy green potion
  2225 | D:3      | 2225 ||| READING 2 scrolls of identify.
  2225 | D:3      | 2225 ||| IDENTIFYING clear potion
  2226 | D:3      | 2226 ||| DROPPING potion of ambrosia.
  2244 | D:4      | 2244 ||| PLANNING SEWER
  2370 | D:4      | 2370 ||| INVOKING Spit Poison.
  2374 | D:4      | 2374 ||| INVOKING Spit Poison.
  2378 | D:4      | 2378 ||| INVOKING Spit Poison.
  2379 | D:4      | Reached XP level 5. HP: 15/49 MP: 5/5
  2525 | D:4      | Noticed Menkaure
  2527 | D:4      | 2527 ||| FLEEEEING.
  2535 | D:4      | 2535 ||| FLEEEEING.
  2540 | D:4      | 2540 ||| STAIRDANCE
  2662 | D:3      | 2662 ||| UPGRADING to +0 helmet.
  2712 | D:4      | 2712 ||| INVOKING Spit Poison.
  2737 | D:4      | 2737 ||| RIP SEWER
  2749 | D:4      | 2749 ||| PLANNING D:1-11
  2752 | D:4      | Found a staircase to the Ecumenical Temple.
  2753 | D:4      | 2753 ||| PLANNING TEMPLE
  2761 | Temple   | Entered the Ecumenical Temple
  2763 | Temple   | 2763 ||| PLANNING OKAWARU WORSHIP
  2808 | Temple   | Became a worshipper of Warmaster Okawaru
  2809 | Temple   | 2809 ||| PLANNING D:1-11
  2852 | D:4      | 2852 ||| INVOKING Spit Poison.
  2856 | D:4      | 2856 ||| INVOKING Spit Poison.
  2860 | D:4      | 2860 ||| INVOKING Spit Poison.
  2863 | D:4      | 2863 ||| INVOKING Spit Poison.
  2992 | D:4      | 2992 ||| INVOKING Spit Poison.
  3019 | D:4      | Found a runed translucent gate.
  3020 | D:4      | Found a runed translucent gate.
  3022 | D:4      | Found a runed translucent gate.
  3029 | D:4      | Identified the +1 hand axe of Death {holy, Int+3 Dex+2}
  3032 | D:4      | Noticed an orc warrior
  3037 | D:4      | Noticed qw's ghost (amateur NaHu)
  3205 | D:4      | Found a stormy altar of Qazlal.
  3212 | D:4      | Killed Menkaure
  3213 | D:4      | Reached skill level 6 in Ranged Weapons
  3213 | D:4      | Reached XP level 6. HP: 53/56 MP: 6/6
  3386 | D:4      | 3386 ||| DROPPING amulet of guardian spirit.
  3387 | D:4      | 3387 ||| READING scroll labelled PYULO TUDEPT.
  3417 | D:5      | Entered Level 5 of the Dungeon
  3429 | D:5      | 3429 ||| INVOKING Spit Poison.
  3494 | D:5      | 3494 ||| INVOKING Spit Poison.
  3544 | D:5      | Noticed Grinder
  3556 | D:5      | 3556 ||| INVOKING Spit Poison.
  3563 | D:5      | 3563 ||| INVOKING Spit Poison.
  3568 | D:5      | Paralysed by Grinder for 5 turns
  3570 | D:5      | HP: 8/56 [Grinder/nerve-wracking pain (13)]
  3573 | D:5      | 3573 ||| READING 3 scrolls of teleportation.
  3574 | D:5      | 3574 ||| DRINKING 3 potions of heal wounds.
  3766 | D:5      | 3766 ||| INVOKING Spit Poison.
  3836 | D:5      | 3836 ||| INVOKING Spit Poison.
  3837 | D:5      | 3837 ||| Stepping ~*~*~tactically~*~*~ (outnumbered).
  3840 | D:5      | 3840 ||| INVOKING Spit Poison.
  3846 | D:5      | 3846 ||| INVOKING Spit Poison.
  4067 | D:5      | 4067 ||| INVOKING Spit Poison.
  4102 | D:5      | Noticed a black bear
  4103 | D:5      | 4103 ||| INVOKING Spit Poison.
  4109 | D:5      | 4109 ||| INVOKING Spit Poison.
  4110 | D:5      | Killed a black bear
  4111 | D:5      | Reached XP level 7. HP: 31/66 MP: 7/7
  4262 | D:5      | 4262 ||| INVOKING Spit Poison.
  4293 | D:5      | HP: 10/66 [ice beast (14)]
  4293 | D:5      | Slain by an ice beast

Levels and vault maps discovered:
D:1:      minmay_arrival_radiant_lines, layout_basic,
          ebering_ecumenical_altar_ruins
D:2:      layout_basic, chequers_decorated_corner
D:3:      layout_loops_ring, nicolae_overflow_hallway_of_the_gods,
          ebering_ghost_reflecting_pool, minivault_23
D:4:      layout_loops_ring, nicolae_qazlal_eye_of_the_storm, temple_hall,
          biasface_ghost_orc_armoury, gup_sewer_entry_glass, roderic_lattice_a,
          uniq_menkaure
D:5:      layout_basic, marbit_many_paths, minmay_misc_feat_chi, uniq_sigmund,
          uniq_grinder
Temple:   hellmonk_temple_of_storms

Skill      XL: |  1  2  3  4  5  6 |
---------------+-------------------+-----
Ranged Weapons | 4 5 6 |  6.5
Fighting       | 3 4 |  4.6
Dodging        | |  1.6
Stealth        | |  1.5

Action                     |  1- 3 |  4- 6 |  7- 9 || total
---------------------------+-------+-------+-------++-------
   Fire: Shortbow          |    65 |   112 |    21 ||   198
Ability: Spit Poison       |    34 |    36 |     1 ||    71
    Use: Scroll            |     3 |     5 |       ||     8
         Potion            |     1 |     2 |       ||     3
 Armour: Leather armour    |    11 |    19 |     6 ||    36
  Dodge: Dodged            |    22 |    40 |     9 ||    71

Table legend:
 A = Non-vault XP
 B = Vault XP
 C = Vault XP percentage of total XP
 D = Non-vault monster count
 E = Vault monster count
 F = Vault count percentage of total count
                 A         B        C        D         E       F
            +---------+---------+-------+---------+---------+-------
      Total |     554 |     169 |  23.4 |      84 |       1 |   1.2
            +---------+---------+-------+---------+---------+-------
        D:1 |      45 |       0 |   0.0 |      28 |       0 |   0.0
        D:2 |      27 |       0 |   0.0 |      15 |       0 |   0.0
        D:3 |      74 |       0 |   0.0 |      21 |       0 |   0.0
        D:4 |     133 |     169 |  56.0 |       8 |       1 |  11.1
        D:5 |     275 |       0 |   0.0 |      12 |       0 |   0.0
            +---------+---------+-------+---------+---------+-------
